 Dungeon Sprint DCSS version 0.29.1-15-g9cfb28693d (webtiles) character file.

Game seed: 14214264406396539871

38 Groucho the Digger (level 3, -2/19 HPs)
             Began as a Deep Elf Earth Elementalist on Feb 22, 2023.
             Was a Priest of Vehumet.
             Slain by a gnoll bouda
             ... wielding a +0 whip
              (4 damage)
             ... in the Dungeon (Sprint VII: "The Pits").
             The game lasted 00:02:12 (951 turns).

Groucho the Digger (Deep Elf Earth Elementalist)     Turns: 951, Time: 00:02:13

Health: -2/19      AC:  2    Str:  5    XL:     3   Next: 25%
Magic:  4/11       EV: 13    Int: 21    God:    Vehumet [***...]
Gold:   0          SH:  0    Dex: 15    Spells: 9/11 levels left

rFire   . . .      SeeInvis .   m - +2 quarterstaff (protect)
rCold   . . .      Faith    .   (shield currently unavailable)
rNeg    . . .      Spirit   .   a - +0 robe
rPois   .          Reflect  .   (no helmet)
rElec   .          Harm     .   (no cloak)
rCorr   .          Rampage  .   (no gloves)
Will    .....      NoTele   +   (no boots)
Stlth   ++........              (no amulet)
HPRegen 0.06/turn               (no ring)
MPRegen 0.12/turn               (no ring)

@: weakened
A: no striking features
a: Renounce Religion


You were in the Dungeon.
You worshipped Vehumet.
Vehumet was most pleased with you.
You visited 1 branch

Inventory:

Hand Weapons
 m - a +2 quarterstaff of protection (weapon)
Missiles
 l - 10 stones
Armour
 a - a +0 robe (worn)
 h - a +3 ring mail
Scrolls
 g - a scroll of blinking
 j - 5 scrolls of amnesia
 k - a scroll of summoning
Potions
 b - 5 potions of magic
 c - 6 potions of curing
 d - 6 potions of heal wounds
 e - a potion of haste
 f - 3 potions of berserk rage
 i - 2 potions of invisibility


   Skills:
 + Level 3.9 Dodging
 - Level 2.4 Stealth
 + Level 4.5 Spellcasting
 * Level 3.8 Conjurations
 - Level 1.1 Transmutations
 * Level 5.3 Earth Magic


You had 9 spell levels left.
You knew the following spells:

 Your Spells              Type           Power      Damage    Failure   Level
a - Sandblast             Erth           54%        2d13      1%          1
b - Foxfire               Conj/Fire      48%        2x1d6     1%          1

Your spell library contained the following spells:

 Spells                   Type           Power      Damage    Failure   Level
 Dazzling Flash           Conj/Hex       24%        N/A       4%          3
 Stone Arrow              Conj/Erth      48%        3d10      1%          3
 Passwall                 Tmut/Erth      15%        N/A       4%          2
 Petrify                  Tmut/Erth      18%        N/A       30%         4


Dungeon Overview and Level Annotations

Branches:
Dungeon (1/1)

Altars:
Ashenzari
Cheibriados
Dithmenos
Elyvilon
Fedhas
Gozag
Hepliaklqana
Kikubaaqudgha
Makhleb
Nemelex Xobeh
Okawaru
Qazlal
Ru
Sif Muna
Trog
Uskayaw
Vehumet
Wu Jian
Xom
Yredelemnul
Zin
The Shining One
Jiyva
Lugonu


Message History

Unknown command.
Unknown command.
Casting: Sandblast (safe; 1% risk of failure)
Confirm with . or Enter, or press ? or * to list all spells.
Aiming: Sandblast (safe; 1% risk of failure)
Press: ? - help, Shift-Dir - straight line, f - gnoll bouda
Aim: a gnoll bouda, wielding a +0 whip and wearing a +0 leather armour (85% to hit)
The blast of sand misses the gnoll bouda.
The blast of sand hits the iron imp but does no damage.
The gnoll bouda gazes fiercely through you!
You feel your attacks grow feeble.
The gnoll bouda attacks as you move away!
The gnoll bouda closely misses you.
Casting: Sandblast (safe; 1% risk of failure)
Confirm with . or Enter, or press ? or * to list all spells.
Aiming: Sandblast (safe; 1% risk of failure)
Press: ? - help, Shift-Dir - straight line, f/p - gnoll bouda
Aim: a gnoll bouda, wielding a +0 whip and wearing a +0 leather armour (85% to hit)
The blast of sand hits the gnoll bouda!
The gnoll bouda is heavily wounded.
A jackal comes into view.
The gnoll bouda hits you with a +0 whip!
The iron imp grinds its teeth.
Unknown command.
Casting: Sandblast (safe; 1% risk of failure)
Confirm with . or Enter, or press ? or * to list all spells.
Aiming: Sandblast (safe; 1% risk of failure)
Press: ? - help, Shift-Dir - straight line, f/p - gnoll bouda
Aim: a gnoll bouda, wielding a +0 whip and wearing a +0 leather armour (heavily wounded, 85% to hit)
The blast of sand hits the gnoll bouda.
The gnoll bouda is severely wounded.
The jackal barks!
Your attacks no longer feel as feeble.
The gnoll is no longer moving quickly.
The gnoll bouda gazes fiercely through you!
You feel your attacks grow feeble.
The gnoll bouda hits you with a +0 whip.
* * * LOW HITPOINT WARNING * * *
The gnoll bouda hits you with a +0 whip.
You die...

#_________.#
#_________.#
#_______...#######
##########'##.....
#.?..')))'.##.....
##########.##.....
#...........'.....
#'#####'#####.....
#@#.....#.[##.....
#g#.....#))#####'#
#5###'###))##.....
#h#...).#))##.....
#g#.....#..##.....
#h####'##'###...<.
#g#........##.....
#.#.)......##.....
#'###########.....


You could see a gnoll bouda, an iron imp, 2 gnolls and 2 jackals.

Vanquished Creatures
  A gnoll (D)
  A river rat (D)
  A white imp (D)
  An ufetubus (D)
  An endoplasm (D)
  2 goblins (D)
  A quokka (D)
  A ball python (D)
  2 rats (D)
11 creatures vanquished.

Notes
Turn   | Place    | Note
-------+----------+-------------------------------------------
     0 | D        | Groucho the Deep Elf Earth Elementalist began the quest for
                  | the Orb.
     0 | D        | Reached XP level 1. HP: 10/10 MP: 6/6
    10 | D        | Reached skill level 1 in Conjurations
    36 | D        | Found a bloodstained altar of Trog.
    36 | D        | Found a shimmering blue altar of Sif Muna.
    36 | D        | Found a viscous altar of Jiyva.
    36 | D        | Found a hazy altar of Hepliaklqana.
    36 | D        | Found an opulent altar of Gozag.
    37 | D        | Found a glowing golden altar of the Shining One.
    37 | D        | Found a glowing silver altar of Zin.
    37 | D        | Found a basalt altar of Yredelemnul.
    37 | D        | Found a shimmering altar of Xom.
    37 | D        | Found an ornate altar of the Wu Jian Council.
    37 | D        | Found a sacrificial altar of Ru.
    37 | D        | Found a stormy altar of Qazlal.
    37 | D        | Found an iron altar of Okawaru.
    37 | D        | Found a sparkling altar of Nemelex Xobeh.
    37 | D        | Found a burning altar of Makhleb.
    37 | D        | Found a blossoming altar of Fedhas.
    37 | D        | Found a white marble altar of Elyvilon.
    37 | D        | Found a shadowy altar of Dithmenos.
    37 | D        | Found a snail-covered altar of Cheibriados.
    39 | D        | Found a radiant altar of Vehumet.
    39 | D        | Found a corrupted altar of Lugonu.
    40 | D        | Found a hide-covered altar of Uskayaw.
    40 | D        | Found an ancient bone altar of Kikubaaqudgha.
    40 | D        | Found a broken altar of Ashenzari.
    47 | D        | Became a worshipper of Vehumet
   184 | D        | Reached * piety under Vehumet
   184 | D        | Offered knowledge of Freeze by Vehumet.
   189 | D        | Reached skill level 4 in Earth Magic
   189 | D        | Reached XP level 2. HP: 15/15 MP: 1/8
   551 | D        | Offered knowledge of Foxfire by Vehumet.
   551 | D        | Reached ** piety under Vehumet
   862 | D        | Reached skill level 5 in Earth Magic
   867 | D        | Learned a level 1 spell: Foxfire
   944 | D        | Offered knowledge of Dazzling Flash by Vehumet.
   945 | D        | Reached XP level 3. HP: 14/19 MP: 7/10
   945 | D        | Reached *** piety under Vehumet
   951 | D        | Slain by a gnoll bouda

Illustrated notes

Levels and vault maps discovered:
D:        pitsprint [storerooms_1, entrance_room_1, metal_vault_4, armoury_1,
          mini_pit_1, grid_room_1, main_hall_1, silver_pit, the_coven_3,
          the_vestibule_1, steel_vault_5, golden_pit, hallway_of_sentries,
          crystal_vault_1, iron_vault_1, final_vault]

Skill      XL: |  1  2 |
---------------+-------+-----
Conjurations   | 2 3 |  3.8
Dodging        | 3 |  3.9
Earth Magic    | 4 5 |  5.3
Spellcasting   | 4 |  4.5
Stealth        | |  2.4
Transmutations | |  1.1

Action                   || total
-------------------------++-------
 Cast: Sandblast         ||    18
Dodge: Dodged            ||     6
